 Dungeon Crawl Stone Soup version 0.13.0-9-gbc74161 (webtiles) character file.

224 Leibowitz the Skirmisher (level 5, 0/33 HPs)
             Began as a Kobold Fighter on Oct 17, 2013.
             Slain by Grinder (1 damage)
             ... while paralysed by Grinder
             ... on Level 3 of the Dungeon.
             The game lasted 00:07:05 (1675 turns).

Leibowitz the Skirmisher (Kobold Fighter)           Turns: 1675, Time: 00:07:05

HP   0/33        AC  6     Str 17      XL: 5   Next: 37%
MP   4/4         EV  3     Int  6      God:
Gold 93          SH  0     Dex 21      Spells:  0 memorised,  4 levels left

Res.Fire  : + . .   See Invis. : .   a - +0 short sword
Res.Cold  : . . .   Warding    : .   r - +0 scale mail
Life Prot.: . . .   Conserve   : .   c - +0 buckler
Res.Poison: .       Res.Corr.  : .   (no helmet)
Res.Elec. : .       Clarity    : .   (no cloak)
Sust.Abil.: . .     Spirit.Shd : .   (no gloves)
Res.Mut.  : .       Stasis     : .   (no boots)
Res.Rott. : .       Flight     : .   (no amulet)
Saprovore : + + .                    p - +2 ring of strength
                                     m - ring of protection from fire {unknown}

@: paralysed, agile, slightly resistant to hostile enchantments, fairly stealthy
A: disease resistance, carnivore 3, saprovore 2
a: no special abilities


You were on level 3 of the Dungeon.
You were completely stuffed.

You visited 1 branch of the dungeon, and saw 3 of its levels.

You collected 73 gold pieces.

Inventory:

Hand weapons
 a - a +0,+0 short sword (weapon)
 b - a +0 blowgun
Missiles
 s - 2 poisoned needles
Armour
 c - a +0 buckler (worn)
 r - a +0 scale mail (worn)
Comestibles
 d - 2 meat rations
 q - a rotting chunk of worm flesh
Scrolls
 f - a scroll of fear {unknown}
 g - a scroll of blinking {unknown}
 i - a scroll of magic mapping {unknown}
 k - a scroll of enchant weapon II {unknown}
 o - a scroll of noise {unknown}
Jewellery
 m - a ring of protection from fire (left hand) {unknown}
 p - a +2 ring of strength (right hand)
Potions
 e - a potion of agility
 j - 2 potions of magic {unknown}
 l - 3 potions of curing
 n - a potion of resistance {unknown}


   Skills:
 * Level 3.9 Fighting
 + Level 3.2 Short Blades
 + Level 2.7 Armour
 * Level 2.6 Dodging
 * Level 2.2 Stealth
 * Level 3.0 Shields


You had 4 spell levels left.
You didn't know any spells.

Dungeon Overview and Level Annotations

Branches:
Dungeon (3/27)

Altars:

Annotations:
D:3 Grinder


Innate Abilities, Weirdness & Mutations

You recuperate from illness quickly.
You are small and have problems with some larger weapons.
You are carnivorous and can eat meat at any time.
You can eat rotten meat.


Message History

Your shield and scale mail prevent you from hitting Grinder.
Grinder is lightly wounded.
Grinder completely misses you.
Drink which item? (? for menu, Esc to quit)
You feel more agile all of a sudden.
It was a potion of agility.
Grinder completely misses you.
You hit Grinder.
Grinder is lightly wounded.
You block Grinder's attack.
Drink which item? (? for menu, Esc to quit)
It has a very clean taste.
It was a potion of cure mutation.
Grinder gestures at you.
You suddenly lose the ability to move!
Grinder hits you but does no damage. Grinder hits you!
You writhe in agony.
* * * LOW HITPOINT WARNING * * *
Grinder hits you.
* * * LOW HITPOINT WARNING * * *
You writhe in agony.
You die...

# .... #######
..... ###.(...#
...... #.5(....#
....... ###.#@<...+
....... #)).#.....#
.......##(###.....#
........#..#
#.....#
...K§.....##
#.....# ........###
#.....# ###.###
#.....# # #.....#
##+####


You could see Grinder.

Vanquished Creatures
  An iguana (D:3)
  Ijyb (D:2)
  2 adders (D:2)
  A giant mite (D:1)
  2 worms (D:2)
  2 giant geckos
  An ooze (D:2)
  4 giant cockroaches
  5 hobgoblins (D:1)
  4 kobolds
  A quokka (D:2)
  4 bats
  2 giant newts
  6 goblins
  6 jackals
  14 rats
56 creatures vanquished.

Notes
Turn   | Place    | Note
--------------------------------------------------------------
     0 | D:1      | Leibowitz, the Kobold Fighter, began the quest for the Orb.
     0 | D:1      | Reached XP level 1. HP: 14/14 MP: 0/0
    80 | D:1      | Reached XP level 2. HP: 19/19 MP: 1/1
   126 | D:1      | Reached skill level 1 in Dodging
   252 | D:1      | Reached skill level 1 in Stealth
   327 | D:1      | Reached XP level 3. HP: 13/24 MP: 2/2
   939 | D:2      | Reached XP level 4. HP: 25/28 MP: 3/3
  1039 | D:2      | Noticed Ijyb
  1060 | D:2      | Killed Ijyb
  1315 | D:2      | Reached XP level 5. HP: 23/33 MP: 4/4
  1633 | D:3      | Noticed Grinder
  1657 | D:3      | Paralysed by Grinder for 3 turns
  1672 | D:3      | Paralysed by Grinder for 6 turns
  1675 | D:3      | HP: 1/33 [Grinder (4)]
  1675 | D:3      | Slain by Grinder

Action                   |  1- 3 |  4- 6 || total
-------------------------+-------+-------++-------
Melee: Short sword       |   137 |   141 ||   278
 Fire: Blowgun           |       |    12 ||    12
  Use: Potion            |       |     3 ||     3
